 Dungeon Crawl Stone Soup version 0.30.0-10-gfe55d96785 (webtiles) character file.

Game seed: 7732839465744378030

47438 mnelsen79 the Bludgeoner (level 14, 0/199 HPs)
             Began as a Minotaur Berserker on May 13, 2023.
             Was an Elder of Trog.
             Slain by a culicivora (21 damage)
             ... on level 1 of the Spider Nest on May 15, 2023.
             The game lasted 01:50:22 (14941 turns).

mnelsen79 the Bludgeoner (Minotaur Berserker)      Turns: 14941, Time: 01:50:27

Health: 0/199      AC: 23    Str: 26    XL:     14   Next: 8%
Magic:  0/22       EV:  2    Int:  4    God:    Trog [****..]
Gold:   834        SH:  0    Dex: 14    Spells: 13/13 levels left

rFire   . . .        s - +11 mace of Internal Strife {protect, Will+ Dex+3}
rCold   . . .        (no shield)
rNeg    . . .        J - melded +3 crystal plate armour
rPois   +            (helmet currently unavailable)
rElec   .            C - melded +2 cloak
rCorr   .            L - melded +0 pair of gloves of Ezyuts {*Slow MP+9 Dex-5 Stlth+}
SInv    .            A - melded +0 pair of boots
Will    ++++.        o - amulet of guardian spirit
Stlth   ++           f - +4 ring of slaying
HPRegen 1.53/turn    a - ring of magical power
MPRegen 0.18/turn

%: guardian spirit
@: tree-form, strong-willed (expiring), corroded, on berserk cooldown,
regenerating (expiring), slowed, very slow
A: stationary, stasis, torment immunity, boosted hp, (horns 2), (retaliatory
headbutt)
a: Renounce Religion, Berserk, Trog's Hand, Brothers in Arms


You were on level 1 of the Spider Nest.
You worshipped Trog.
Trog was greatly pleased with you.
You were a tree.
You visited 4 branches of the dungeon, and saw 19 of its levels.
You also visited: Bailey.

You collected 938 gold pieces.
You spent 104 gold pieces at shops.

Inventory:

Hand Weapons
 h - the +5 hand axe of the Shore {vamp, +Blink}
   (You found it on level 10 of the Dungeon)

   +Blink:    It lets you blink.
 s - the +11 mace of Internal Strife (weapon) {protect, Will+ Dex+3}
   (You found it on level 6 of the Dungeon)

   Dex:       It affects your dexterity (+3).
   Will:      It increases your willpower.
 U - a +3 shortbow
Missiles
 I - 23 poisoned darts
 X - 4 curare-tipped darts
Armour
 A - a +0 pair of boots (melded)
 C - a +2 cloak (melded)
 J - a +3 crystal plate armour (melded)
 L - the +0 pair of gloves of Ezyuts (melded) {*Slow MP+9 Dex-5 Stlth+}
   (You found it in a bailey)

   Dex:       It affects your dexterity (-5).
   MP:        It affects your magic capacity (+9).
   *Slow:     It may slow you when you take damage.
   Stlth:     It makes you more stealthy.
 N - the +0 scale mail of the Devil {Rampage Dex+4}
   (You found it in a bailey)

   Dex:       It affects your dexterity (+4).
   Rampage:   It bestows one free step when moving towards enemies.
 P - the +3 leather armour of Dice, Bag, and Bottle {rF- rN+ Str+4}
   (You found it on level 7 of the Dungeon)

   Str:       It affects your strength (+4).
   rF:        It makes you vulnerable to fire.
   rN:        It protects you from negative energy.
Magical Staves
 Z - the staff of conjuration "Aczedgh" {rElec Str+6 Int-2 SInv}
   (You found it on level 10 of the Dungeon)

   [staff of conjuration]

   Base accuracy: +5 Base damage: 5 Base attack delay: 1.2 This weapon's minimum
   attack delay (0.6) is reached at skill level 12.
   Str:       It affects your strength (+6).
   Int:       It affects your intelligence (-2).
   rElec:     It insulates you from electricity.
   SInv:      It lets you see invisible.
   It falls into the 'Staves' category.
   It is a one-handed weapon.
   Trog disapproves of the use of such an item.
Jewellery
 a - a ring of magical power (right branch)
 f - a +4 ring of slaying (left branch)
 l - a +6 ring of intelligence
 o - an amulet of guardian spirit (around neck)
 H - a ring of positive energy
 Q - a ring of resist corrosion
 T - an amulet of magic regeneration
Wands
 r - a wand of paralysis (16)
 y - a wand of iceblast (8)
Scrolls
 b - 2 scrolls of immolation
 d - 5 scrolls of noise
 j - 3 scrolls of butterflies
 k - 3 scrolls of fog
 q - 2 scrolls of blinking
 t - 5 scrolls of poison
 x - a scroll of silence {unknown}
 F - 3 scrolls of teleportation
 K - 3 scrolls of enchant weapon
 S - 2 scrolls of fear {unknown}
 V - 3 scrolls of magic mapping
 Y - 2 scrolls of vulnerability {unknown}
Potions
 e - 4 potions of heal wounds {unknown}
 g - a potion of cancellation {unknown}
 i - 5 potions of lignification
 m - 5 potions of degeneration {unknown}
 n - 4 potions of might {unknown}
 p - 3 potions of brilliance {unknown}
 u - a potion of haste {unknown}
 v - a potion of resistance {unknown}
 w - 2 potions of ambrosia {unknown}
 z - 3 potions of flight {unknown}
 D - a potion of invisibility {unknown}
 G - 2 potions of magic {unknown}
 M - a potion of mutation {unknown}
 O - a potion of berserk rage {unknown}
 R - a potion of attraction {unknown}
Miscellaneous
 B - a tin of tremorstones (2/2)


   Skills:
 * Level 14.3 Fighting
 - Level 6.9(13.9) Axes
 * Level 18.7(19.1) Maces & Flails
 - Level 0.3 Throwing
 * Level 16.4 Armour
 - Level 3.3 Dodging
 - Level 0.9 Stealth
 - Level 1.1 Evocations


You had 13 spell levels left.
You didn't know any spells.
Your spell library contained the following spells:

 Spells                   Type           Power      Damage    Failure   Level
 Necrotise                Necr           0%         1d4       50%         1
 Blink                    Tloc           0%         N/A       65%         2
 Lesser Beckoning         Tloc           0%         N/A       65%         2
 Momentum Strike          Conj/Tloc      0%         3d8       65%         2
 Gell's Gravitas          Tloc           0%         N/A       86%         3
 Inner Flame              Hex/Fire       0%         N/A       86%         3
 Stone Arrow              Conj/Erth      0%         3d7       86%         3
 Teleport Other           Tloc           0%         N/A       86%         3
 Vampiric Draining        Necr           0%         2d6       86%         3
 Animate Armour           Summ/Erth      0%         N/A       99%         4
 Animate Dead             Necr           0%         N/A       99%         4
 Flame Wave               Conj/Fire      0%         2d4       99%         4
 Sticky Flame             Conj/Fire      0%         2d3       99%         4
 Agony                    Necr           0%         N/A       100%        5
 Borgnjor's Vile Clutch   Necr/Erth      0%         N/A       100%        5
 Summon Forest            Summ/Tloc      0%         N/A       100%        5
 Death Channel            Necr           0%         N/A       100%        6
 Eringya's Noxious Bog    Tmut/Pois      0%         N/A       100%        6
 Summon Hydra             Summ           0%         N/A       100%        7
 Lehudib's Crystal Spear  Conj/Erth      0%         10d2      100%        8


Dungeon Overview and Level Annotations

Branches:
Dungeon (12/15)            Temple (0/1) D:7            Lair (4/5) D:11
 Shoals (1/4) Lair:3       Spider (2/4) Lair:3          Orc (0/2) D:10
 Bailey (visited)
  Slime: Lair:4-5

Altars:
Ashenzari
Elyvilon
Makhleb
Nemelex Xobeh
Qazlal
Sif Muna
Trog
Uskayaw
Xom
Yredelemnul
The Shining One

Shops:
D:3 *   D:8 :

Annotations:
Spider:2 Arachne


Innate Abilities, Weirdness & Mutations

You are a tree.
Your roots penetrate the ground, keeping you stationary.
You cannot be teleported.
You are immune to unholy pain and torment.
Your maximum health is greatly increased.
Your equipment is partially melded.
((You have a pair of horns on your head.))
((You reflexively headbutt those who attack you in melee.))


Message History

You hear a skittering sound.
You hear a skittering sound.
The culicivora rages.
The culicivora bites you but does no damage. x2
You hear a skittering sound.
The culicivora bites you!
The culicivora draws strength from your injuries!
The culicivora bites you but does no damage.
The wolf spider rages.
The culicivora barely misses you. The culicivora bites you!!
* * * LOW HITPOINT WARNING * * *
The culicivora draws strength from your injuries!
The culicivora bites you but does no damage. x2
The entropy weaver gestures at you while chanting.
The entropic weave corrodes you! The culicivora bites you!!
* * * LOW HITPOINT WARNING * * *
The culicivora draws strength from your injuries!
You feel better.
You feel the effects of Trog's Hand fading.
The wolf spider hits you.
* * * LOW HITPOINT WARNING * * *
The wolf spider bites you but does no damage.
The culicivora barely misses you.
The wolf spider hits you but does no damage.
The wolf spider bites you but does no damage.
The culicivora bites you but does no damage.
The wolf spider hits you!!
* * * LOW HITPOINT WARNING * * *
The wolf spider closely misses you. The culicivora closely misses you.
You furiously retaliate!
You headbutt the culicivora!
The wolf spider hits you but does no damage.
The wolf spider closely misses you.
Really quaff the potion of lignification?
You turn into a tree.
Your +2 cloak melds into your body.
The +0 pair of gloves of Ezyuts {*Slow MP+9 Dex-5 Stlth+} melds into your body.
Your +0 pair of boots melds into your body.
Your +3 crystal plate armour melds into your body.
You feel your magic capacity decrease.
Your roots penetrate the ground.
The culicivora bites you!!
You die...

....#..####.# .## #...(#..#.# .
..# ##.†.##..#.# . ##..#
#s.#s.By...##.### ##..#
#.y#...##..B##..# ###...#
#(†.##...#..#...# #...#.#
##s..##.#####.#.######..###
...#######.#ys...#..#..#
....####......s♣#?....†##
.#..###.##..#..#..>.##...# .#..
#......#.#...#.#...## ..#
##.....####..####...# #...##..#
##..#....##
#####(#..###..###.#..##
#..^.###..###.###...#.######
####..##.#..#..##...#....#.#.#
#.##..#..##.##......###.#....##


You could see an entropy weaver, a wolf spider (berserk), a moth of wrath and a
culicivora (berserk).

Vanquished Creatures
  An emperor scorpion (Spider:1)
  An entropy weaver (Spider:1)
  A hydra (Lair:3)
  Erica (D:11)
  A catoblepas (D:9)
  A centaur warrior (D:10)
  4 two-headed ogres
  8 death yaks
  A skyshark (Lair:4)
  An orb spider (Spider:1)
  A sea snake (Shoals:1)
  2 harpies (Lair:3)
  Pikel (D:6)
  A steelbarb worm (Spider:1)
  An orc knight (Bailey)
  A deep elf pyromancer (Bailey)
  2 wolf spiders (Spider:1)
  2 manticores
  An ugly thing (D:11)
  2 cyclopes
  A black mamba (Lair:2)
  4 elephants (Lair:3)
  5 cane toads
  2 kobold demonologists
  2 ice devils (Lair:3)
  5 komodo dragons
  12 rime drakes
  2 trolls (D:10)
  A wind drake (Shoals:1)
  4 tarantellas
  18 blink frogs
  9 jumping spiders (Spider:1)
  2 culicivoras (Spider:1)
  6 wyverns
  Sigmund (D:6)
  A vampire (D:10)
  3 shadows
  6 wraiths
  21 yaks
  13 steam dragons
  3 basilisks
  10 redbacks (Spider:1)
  2 acid dragons
  9 water moccasins
  8 orc warriors
  2 ice beasts
  A sky beast (D:6)
  2 black bears
  The ghost of SkeletonJelly the Chopper, an amateur HORe (D:3)
  A wolf (Lair:2)
  7 centaurs
  3 kobold brigands
  9 bullfrogs
  3 gnoll sergeants
  2 scorpions
  12 wights
  3 killer bees (D:6)
  2 hounds
  3 jellies
  5 orc priests
  Crazy Yiuf (D:4)
  2 sleepcaps
  4 iguanas
  13 orc wizards
  2 hell rats (D:11)
  10 gnolls
  11 adders
  A river rat (D:11)
  2 shadow imps
  2 white imps (D:6)
  3 ufetubi
  2 worms
  3 dart slugs
  40 orcs
  5 bats
  7 endoplasms
  3 giant cockroaches
  6 goblins
  4 hobgoblins
  4 jackals
  17 kobolds
  6 quokkas
  9 ball pythons
  3 frilled lizards
  6 rats
406 creatures vanquished.

Vanquished Creatures (others)
  A steam dragon (Lair:3)
1 creature vanquished.

Grand Total: 407 creatures vanquished

Notes
Turn   | Place    | Note
-------+----------+-------------------------------------------
     0 | D:1      | mnelsen79 the Minotaur Berserker began the quest for the
                  | Orb.
     0 | D:1      | Reached XP level 1. HP: 19/19 MP: 0/0
    45 | D:1      | Found a faded altar of an unknown god.
   272 | D:1      | Reached XP level 2. HP: 27/27 MP: 1/1
   722 | D:1      | Reached ** piety under Trog
   923 | D:1      | Reached XP level 3. HP: 30/33 MP: 2/2
  1895 | D:3      | Found a basalt altar of Yredelemnul.
  2099 | D:3      | Found a bloodstained altar of Trog.
  2266 | D:3      | Found Pejikky's Assorted Antiques.
  2280 | D:3      | Bought a scroll of identify for 52 gold pieces
  2280 | D:3      | Bought a scroll of identify for 52 gold pieces
  2439 | D:3      | Noticed SkeletonJelly's ghost (amateur HORe)
  2440 | D:3      | Found a transporter.
  2462 | D:3      | Found a transporter.
  2526 | D:3      | Found a hide-covered altar of Uskayaw.
  2819 | D:4      | Noticed a scorpion
  2820 | D:4      | Reached skill level 5 in Axes
  2820 | D:4      | Reached XP level 4. HP: 33/41 MP: 1/3
  2832 | D:4      | Killed a scorpion
  2833 | D:4      | Reached XP level 5. HP: 47/47 MP: 2/4
  2889 | D:4      | Found a glowing golden altar of the Shining One.
  3230 | D:4      | Reached XP level 6. HP: 55/55 MP: 5/5
  3409 | D:4      | Found a runed translucent door.
  3410 | D:4      | Noticed Crazy Yiuf
  3419 | D:4      | Killed Crazy Yiuf
  3420 | D:4      | Reached skill level 5 in Fighting
  3557 | D:3      | Killed SkeletonJelly's ghost
  3558 | D:3      | Reached skill level 1 in Maces & Flails
  3669 | D:5      | Entered Level 5 of the Dungeon
  3687 | D:5      | Reached skill level 2 in Maces & Flails
  3687 | D:5      | Reached XP level 7. HP: 61/61 MP: 6/6
  3774 | D:5      | Reached skill level 3 in Maces & Flails
  4145 | D:5      | Reached *** piety under Trog
  4175 | D:5      | Reached skill level 4 in Maces & Flails
  4175 | D:5      | Reached skill level 5 in Armour
  4263 | D:5      | Found a white marble altar of Elyvilon.
  4264 | D:5      | Found a shimmering blue altar of Sif Muna.
  4266 | D:5      | Found a shimmering altar of Xom.
  4266 | D:5      | Found a sparkling altar of Nemelex Xobeh.
  4638 | D:6      | Noticed Sigmund
  4643 | D:6      | Killed Sigmund
  4644 | D:6      | Reached skill level 5 in Maces & Flails
  4644 | D:6      | Reached XP level 8. HP: 70/70 MP: 7/7
  4709 | D:6      | Reached skill level 6 in Maces & Flails
  4806 | D:6      | Identified the +11 mace of Internal Strife {protect, Will+
                  | Dex+3}
  4884 | D:6      | Noticed Pikel
  4907 | D:6      | Killed Pikel
  4908 | D:6      | Reached skill level 7 in Maces & Flails
  4968 | D:6      | Reached skill level 8 in Maces & Flails
  5049 | D:6      | Noticed a manticore
  5056 | D:6      | Reached XP level 9. HP: 79/79 MP: 8/8
  5058 | D:6      | Killed a manticore
  5059 | D:6      | Reached skill level 9 in Maces & Flails
  5109 | D:6      | Found a broken altar of Ashenzari.
  5481 | D:7      | Reached skill level 10 in Maces & Flails
  5577 | D:7      | Found a flagged portal.
  5597 | Bailey   | Entered a bailey
  5718 | Bailey   | Noticed an orc knight
  5727 | Bailey   | Found a large runed translucent door.
  5727 | Bailey   | Found a large runed translucent door.
  5732 | Bailey   | Killed an orc knight
  5733 | Bailey   | Reached skill level 11 in Maces & Flails
  5735 | Bailey   | Noticed a deep elf pyromancer
  5863 | Bailey   | Reached XP level 10. HP: 88/88 MP: 9/9
  5920 | Bailey   | Killed a deep elf pyromancer
  5932 | Bailey   | Identified the +0 pair of gloves of Ezyuts {*Slow MP+9
                  | Dex-5 Stlth+}
  5941 | Bailey   | Identified the +0 scale mail of the Devil {Rampage Dex+4}
  6151 | D:7      | Found a staircase to the Ecumenical Temple.
  6157 | D:7      | Reached skill level 12 in Maces & Flails
  6334 | D:7      | Identified the +3 leather armour of Dice, Bag, and Bottle
                  | {rF- rN+ Str+4}
  6695 | D:8      | Found Alimyiq's Book Boutique.
  7313 | D:9      | Reached skill level 13 in Maces & Flails
  7655 | D:9      | Found a stormy altar of Qazlal.
  7679 | D:9      | Identified the +7 dagger "Baulur" {drain, rC+ Str+2}
  7698 | D:9      | Noticed a catoblepas
  7704 | D:9      | Killed a catoblepas
  7705 | D:9      | Reached skill level 10 in Armour
  7863 | D:9      | Found a burning altar of Makhleb.
  8176 | D:10     | Entered Level 10 of the Dungeon
  8182 | D:10     | Reached XP level 11. HP: 97/97 MP: 10/10
  8305 | D:10     | Reached skill level 14 in Maces & Flails
  8318 | D:10     | Noticed a two-headed ogre
  8330 | D:10     | Killed a two-headed ogre
  8368 | D:10     | Noticed a centaur warrior
  8414 | D:10     | Reached **** piety under Trog
  8530 | D:10     | Noticed a two-headed ogre
  8533 | D:10     | Killed a centaur warrior
  8539 | D:10     | Killed a two-headed ogre
  8540 | D:10     | Reached skill level 15 in Maces & Flails
  8547 | D:10     | Noticed a two-headed ogre
  9099 | D:10     | Identified the staff of conjuration "Aczedgh" {rElec Str+6
                  | Int-2 SInv}
  9145 | D:10     | Killed a two-headed ogre
  9146 | D:10     | Reached skill level 10 in Fighting
  9241 | D:10     | Noticed an orc knight
  9241 | D:10     | Noticed an eight-headed hydra
  9241 | D:10     | Noticed a white ugly thing
  9241 | D:10     | Noticed a tengu warrior
  9241 | D:10     | Noticed a boulder beetle
  9243 | D:10     | Noticed a centaur warrior
  9244 | D:10     | Noticed a deep elf pyromancer
  9296 | D:10     | Found a staircase to the Orcish Mines.
  9775 | D:10     | Noticed a jorogumo
  9870 | D:10     | Identified the +5 hand axe of the Shore {vamp, +Blink}
  9944 | D:11     | Noticed a death yak
  9944 | D:11     | Found a staircase to the Lair.
  9945 | D:11     | Noticed a death yak
  9945 | D:11     | Noticed a death yak
  9954 | D:11     | Killed a death yak
  9968 | D:11     | Killed a death yak
  9969 | D:11     | Reached skill level 1 in Evocations
  9978 | D:11     | Killed a death yak
  9979 | D:11     | Reached XP level 12. HP: 83/108 MP: 11/11
 10141 | D:11     | Reached skill level 16 in Maces & Flails
 10335 | D:11     | Noticed Erica
 10418 | D:11     | Killed Erica
 10440 | Lair:1   | Entered Level 1 of the Lair of Beasts
 10931 | D:11     | Noticed a two-headed ogre
 10938 | D:11     | Killed a two-headed ogre
 11680 | Lair:2   | Reached skill level 17 in Maces & Flails
 12045 | Lair:2   | Reached XP level 13. HP: 119/119 MP: 12/12
 12595 | Lair:3   | Found a staircase to the Shoals.
 12604 | Lair:3   | Reached skill level 18 in Maces & Flails
 12606 | Lair:3   | Reached skill level 15 in Armour
 12657 | Shoals:1 | Entered Level 1 of the Shoals
 13576 | Lair:3   | Found a hole to the Spider Nest.
 14065 | Spider:1 | Entered Level 1 of the Spider Nest
 14561 | Spider:1 | Reached XP level 14. HP: 108/132 MP: 13/13
 14691 | Spider:2 | Noticed Arachne
 14909 | Spider:1 | Noticed an emperor scorpion
 14920 | Spider:1 | Killed an emperor scorpion
 14941 | Spider:1 | Slain by a culicivora

Illustrated notes

Levels and vault maps discovered:
D:1:      tarquinn_simple_flora_water_a, layout_basic,
          dreamdust_ecumenical_altar_grove, st_stairs_6
D:2:      layout_loops_cross, minmay_crystal_room
D:3:      layout_basic, yredelemnul_altar_generic, trog_three_pillars_becter,
          mainiacjoe_overflow_alcove_1, serial_shops, nicolae_lakefront_shop,
          gammafunk_ghost_arena
D:4:      cheibrodos_pilgrimage, layout_cave_pools,
          nicolae_tso_swordbearing_angel, uniq_crazy_yiuf_cottage
D:5:      layout_loops_ring, mainiacjoe_overflow_alcove_3
D:6:      layout_rooms, lemuel_crystal_altar, uniq_pikel, uniq_sigmund
D:7:      layout_gridville, minmay_temple_entry_arrows, enter_bailey_6
D:8:      layout_rooms, serial_shops, nicolae_book_shop_shelving,
          serial_bayou_crossing
D:9:      layout_loops_corners, nicolae_qazlal_eye_of_the_storm, bloody_makhleb,
          billiards_dpeg
D:10:     cheibrodos_ideogram_h, layout_cave_pods, orc_0_dummy, minivault_12
D:11:     layout_long_grid, dpeg_lair_monsters, uniq_erica
D:12:     layout_roguey, gammafunk_ghost_grave, minmay_between, uniq_kirke
Lair:1:   beast_lair_carwin_large_3, layout_cave_pods,
          chequers_serial_rivers_marsh
Lair:2:   layout_chaotic_city, serial_bayou_shore_b
Lair:3:   layout_loops_ring, nicolae_shoals_entry_roost,
          spider_nest_entry_rubble, portal_ice_cave_demonic_guard,
          bobbens_dragon_lair_wall
Lair:4:   layout_gridlike, slime_entry_1, nicolae_lair_run_with_the_wolves
Shoals:1: nicolae_shoals_mermall, layout_shoals
Spider:1: layout_spider_delve, special_room [special_room_bee],
          hellmonk_deceptive_appearances
Spider:2: cheibrodos_spider_deadly_dance, uniq_arachne

Skill      XL: |  1  2  3  4  5  6  7  8  9 10 11 12 13 |
---------------+----------------------------------------+-----
Fighting       | 4 5 6 7 9 10 12 14 | 14.3
Axes           | 4 5 6 |  6.9
Dodging        | 3 |  3.3
Armour         | 3 4 5 7 8 10 12 14 16 | 16.4
Maces & Flails | 2 5 8 11 13 15 17 18 | 18.7
Evocations     | 1 |  1.1
Throwing       | |  0.3
Stealth        | |  0.9

Action                     |  1- 3 |  4- 6 |  7- 9 | 10-12 | 13-15 || total
---------------------------+-------+-------+-------+-------+-------++-------
  Melee: Hand axe          |    90 |    54 |       |       |       ||   144
         Headbutt          |    12 |     5 |    20 |    72 |    69 ||   178
         Mace              |       |    12 |   153 |   421 |   293 ||   879
         Punch             |       |       |     2 |     8 |     6 ||    16
  Throw: Dart              |       |       |       |     2 |       ||     2
 Invoke: Berserk           |       |     6 |    10 |    25 |    13 ||    54
         Trog's Hand       |       |     3 |     4 |    14 |     6 ||    27
  Evoke: Wand              |       |       |       |     5 |       ||     5
    Use: Scroll            |     6 |       |     3 |     7 |     2 ||    18
         Potion            |       |       |       |     5 |     2 ||     7
 Armour: Animal skin       |    17 |       |       |       |       ||    17
         Ring mail         |     4 |       |       |       |       ||     4
         Plate armour      |       |    38 |   126 |       |       ||   164
         Crystal plate arm |       |       |       |   389 |   376 ||   765
         Skin              |       |       |       |    22 |       ||    22
  Dodge: Dodged            |    45 |    15 |    77 |   139 |   160 ||   436
